 Dungeon Crawl Stone Soup version 0.23.0-28-g6fe0f4d (webtiles) character file.

Game seed: 0

175411 Anon1729 the Peltast (level 18, -2/153 HPs)
             Began as a Formicid Fighter on Feb 25, 2019.
             Was the Champion of Wu Jian.
             Slain by the 27-headed Lernaean hydra (6 damage)
             ... on level 4 of the Swamp on Feb 26, 2019.
             The game lasted 02:09:16 (37561 turns).

Anon1729 the Peltast (Formicid Fighter)            Turns: 37561, Time: 02:09:17

Health: -2/153     AC: 26    Str: 32    XL:     18   Next: 75%
Magic:  24/24      EV: 10    Int: 10    God:    Wu Jian [******]
Gold:   2863       SH: 20    Dex: 24    Spells: 17/17 levels left

rFire    + + +     SeeInvis +   I - +7 great mace "Firestarter" {inner flame, rF++}
rCold    + . .     Gourm    .   c - +0 shield
rNeg     + . .     Faith    .   K - +0 crystal plate armour
rPois    +         Spirit   .   (helmet unavailable)
rElec    .         Reflect  +   z - -2 cloak of Daffodils {rF+ rN+ Str+2 Dex+3} (curse)
rCorr    .         Harm     .   Q - +0 pair of gloves
MR       ++...                  (no boots)
Stlth    ..........             b - amulet of Oqyettug {Reflect Str+5 SH+3}
HPRegen  0.35/turn              v - ring "Ditucoj" {rPois MR+ EV+3}
MPRegen  0.19/turn              p - ring "Kytyrchy" {*Contam rC+ Dex+9}

@: lethally poisoned (-2 -> -2), very slightly contaminated, studying Poison
Magic, invisible, very slow
A: permanent stasis, dig shafts and tunnels, four strong arms, antennae 3
a: Dig, Shaft Self, Wall Jump, Serpent's Lash, Heavenly Storm, Renounce Religion


You were on level 4 of the Swamp.
You worshipped Wu Jian.
Wu Jian was exalted by your worship.
You were not hungry.

You visited 4 branches of the dungeon, and saw 27 of its levels.
You also visited: Bailey and Gauntlet.

You collected 4018 gold pieces.
You spent 1155 gold pieces at shops.

Inventory:

Hand Weapons
 H - the +5 mace "Ageklada" {freeze, *Rage +Blink Int+6, unknown}
   (You found it on level 4 of the Swamp)

   It has been specially enchanted to freeze those struck by it, causing extra
   injury to most foes and up to half again as much damage against particularly
   susceptible opponents.
   It can also slow down cold-blooded creatures.
   It affects your intelligence (+6).
   It lets you blink.
   It may make you go berserk in combat.
 I - the +7 great mace "Firestarter" (weapon) {inner flame, rF++}
   (You found it on level 7 of the Dungeon)

   It has been specially enchanted to burn those struck by it, causing extra
   injury to most foes and up to half again as much damage against particularly
   susceptible opponents.
   It greatly protects you from fire.
Armour
 c - a +0 shield (worn)
 z - the cursed -2 cloak of Daffodils (worn) {rF+ rN+ Str+2 Dex+3}
   (You found it in a Gauntlet)

   It affects your strength (+2).
   It affects your dexterity (+3).
   It protects you from fire.
   It protects you from negative energy.
   It has a curse placed upon it.
 K - a +0 crystal plate armour (worn)
 Q - a +0 pair of gloves (worn)
Jewellery
 b - the amulet of Oqyettug (around neck) {Reflect Str+5 SH+3}
   (You bought it in a shop on level 7 of the Dungeon)

   [amulet of reflection]

   It shields you and reflects attacks.
   It affects your strength (+5).
   It affects your SH (+3).
 p - the ring "Kytyrchy" (right hand) {*Contam rC+ Dex+9}
   (You bought it in a shop on level 7 of the Dungeon)

   [ring of protection from cold]

   It affects your dexterity (+9).
   It protects you from cold.
   It causes magical contamination when unequipped.
 v - the ring "Ditucoj" (left hand) {rPois MR+ EV+3}
   (You found it on level 6 of the Lair of Beasts)

   [ring of evasion]

   It affects your evasion (+3).
   It protects you from poison.
   It affects your resistance to hostile enchantments.
 C - an uncursed ring of flight
Wands
 l - a wand of iceblast (24)
 m - a wand of flame (35)
 o - a wand of random effects (73)
 B - a wand of digging (5)
 F - a wand of disintegration (24)
 G - a wand of acid (6)
 V - a wand of paralysis (15)
 W - a wand of scattershot (4)
 Z - a wand of enslavement (9)
Scrolls
 i - a scroll of magic mapping
 n - 5 scrolls of immolation
 q - 8 scrolls of remove curse
 u - a scroll of brand weapon {unknown}
 y - a scroll of random uselessness {unknown}
 D - 2 scrolls of acquirement
 E - 4 scrolls of enchant weapon
 J - 2 scrolls of silence
 L - 3 scrolls of fog
 O - 7 scrolls of fear
 U - 6 scrolls of enchant armour
Potions
 d - 2 potions of might
 e - 2 potions of lignification
 g - 5 potions of resistance
 h - 11 potions of curing
 j - 9 potions of heal wounds
 k - 4 potions of ambrosia
 r - 3 potions of mutation
 s - a potion of magic {unknown}
 x - 6 potions of brilliance
 A - 4 potions of cancellation
 R - 5 potions of flight
 S - 2 potions of agility
Books
 M - a manual of Poison Magic
Miscellaneous
 t - a phantom mirror
 P - a fan of gales
 T - a phial of floods
 X - a sack of spiders
 Y - a lightning rod (4/4)
Comestibles
 f - 37 rations
 w - 2 chunks of flesh


   Skills:
 + Level 16.8 Fighting
 + Level 15.4 Maces & Flails
 + Level 16.7 Armour
 + Level 18.1 Shields
 + Level 8.2 Evocations


You had 17 spell levels left.
You didn't know any spells.
Your spell library contained the following spells:

 Spells                   Type           Power        Failure   Level  Hunger
 Animate Skeleton         Necr           N/A          99%         1    ##.....
 Apportation              Tloc           #.....       99%         1    ##.....
 Beastly Appendage        Tmut           #.....       99%         1    ##.....
 Confusing Touch          Hex            #.....       99%         1    ##.....
 Corona                   Hex            #......      99%         1    ##.....
 Freeze                   Ice            #...         99%         1    ##.....
 Magic Dart               Conj           #...         99%         1    ##.....
 Shock                    Conj/Air       #...         99%         1    ##.....
 Sting                    Conj/Pois      #...         99%         1    ##.....
 Summon Small Mammal      Summ           #...         99%         1    ##.....
 Corpse Rot               Necr           N/A          100%        2    ###....
 Poisonous Vapours        Pois/Air       #.....       100%        2    ###....
 Searing Ray              Conj           #.....       100%        2    ###....
 Slow                     Hex            #.......     100%        2    ###....
 Sticks to Snakes         Tmut           #.......     100%        2    ###....
 Sublimation of Blood     Necr           #.........   100%        2    ###....
 Swiftness                Chrm/Air       #.......     100%        2    ###....
 Throw Frost              Conj/Ice       #.....       100%        2    ###....
 Conjure Flame            Conj/Fire      #.......     100%        3    ####...
 Dazzling Spray           Conj/Hex       #.....       100%        3    ####...
 Ignite Poison            Fire/Tmut/Pois #.......     100%        3    ####...
 Inner Flame              Hex/Fire       #.......     100%        3    ####...
 Mephitic Cloud           Conj/Pois/Air  #.......     100%        3    ####...
 Ozocubu's Armour         Chrm/Ice       #.......     100%        3    ####...
 Portal Projectile        Hex/Tloc       #.....       100%        3    ####...
 Recall                   Summ/Tloc      N/A          100%        3    ####...
 Regeneration             Chrm/Necr      #.........   100%        3    ####...
 Spider Form              Tmut/Pois      #.........   100%        3    ####...
 Static Discharge         Conj/Air       #.......     100%        3    ####...
 Airstrike                Air            #.........   100%        4    #####..
 Cause Fear               Hex            #.........   100%        4    #####..
 Force Lance              Conj/Tloc      #.......     100%        4    #####..
 Fulminant Prism          Conj/Hex       #.........   100%        4    #####..
 Ice Form                 Ice/Tmut       #.......     100%        4    #####..
 Iskenderun's Mystic Bla  Conj           #.......     100%        4    #####..
 Leda's Liquefaction      Hex/Erth       #.........   100%        4    #####..
 Olgreb's Toxic Radiance  Pois           #.......     100%        4    #####..
 Petrify                  Tmut/Erth      #.......     100%        4    #####..
 Summon Ice Beast         Ice/Summ       #.......     100%        4    #####..
 Throw Icicle             Conj/Ice       #.......     100%        4    #####..
 Alistair's Intoxication  Tmut/Pois      #.......     100%        5    ######.
 Aura of Abjuration       Summ           #.........   100%        5    ######.
 Blade Hands              Tmut           #.........   100%        5    ######.
 Bolt of Draining         Conj/Necr      #.........   100%        5    ######.
 Irradiate                Conj/Tmut      #.........   100%        5    ######.
 Iskenderun's Battlesphe  Conj/Chrm      #.......     100%        5    ######.
 Lightning Bolt           Conj/Air       #.........   100%        5    ######.
 Summon Demon             Summ           #.........   100%        5    ######.
 Summon Forest            Summ/Tloc      #.........   100%        5    ######.
 Summon Mana Viper        Hex/Summ       #.......     100%        5    ######.
 Venom Bolt               Conj/Pois      #.........   100%        5    ######.
 Bolt of Fire             Conj/Fire      #.........   100%        6    #######
 Freezing Cloud           Conj/Ice/Air   #.........   100%        6    #######
 Hydra Form               Tmut           #.........   100%        6    #######
 Shadow Creatures         Summ           N/A          100%        6    #######
 Statue Form              Tmut/Erth      #........    100%        6    #######
 Dragon Form              Tmut           #.........   100%        7    #######
 Ring of Flames           Chrm/Fire      #.........   100%        7    #######
 Spellforged Servitor     Conj/Summ      #.........   100%        7    #######


Dungeon Overview and Level Annotations

Branches:
Dungeon (15/15)            Temple (0/1) D:7            Lair (6/6) D:9
  Swamp (4/4) Lair:4        Snake (0/4) Lair:4        Slime (0/5) Lair:6
    Orc (2/2) D:12            Elf (0/3) Orc:2        Vaults (0/5) D:14
 Depths (0/5) D:15

Altars:
Cheibriados
Dithmenos
Elyvilon
Fedhas
Gozag
Kikubaaqudgha
Makhleb
Nemelex Xobeh
Qazlal
Vehumet
Wu Jian
Xom
Yredelemnul
Beogh

Shops:
D:7 =   D:10 !!!?   D:11 %*   D:12 (   D:14 *   Orc:2 %!*(

Annotations:
D:8 1 runed translucent door, Madoushi's ghost, novice MiBe
D:9 2 transporters, Lavandula's ghost, novice TrWn
D:11 exclusion: downstairs
Lair:6 3 runed translucent doors, Kairos's ghost, journeyman DsFi; feelmyfire's ghost, journeyman NaTm; poirepourri's ghost, journeyman SpEn
Swamp:4 Lernaean hydra


Innate Abilities, Weirdness & Mutations

You cannot be hasted, slowed, berserked, paralysed or teleported.
You can dig through walls and to a lower floor.
Your four strong arms can wield two-handed weapons with a shield.
You have a pair of large antennae on your head. (SInv)


Message History

The vampire mosquito barely misses you. The 27-headed Lernaean hydra bites you.
* * * LOW HITPOINT WARNING * * *
The 27-headed Lernaean hydra barely misses you.
The 27-headed Lernaean hydra closely misses you. x2
The 27-headed Lernaean hydra bites you but does no damage. x4
You block the 27-headed Lernaean hydra's attack.
The 27-headed Lernaean hydra bites you but does no damage. x2
The 27-headed Lernaean hydra bites you!
* * * LOW HITPOINT WARNING * * *
You block the 27-headed Lernaean hydra's attack.
The 27-headed Lernaean hydra bites you.
* * * LOW HITPOINT WARNING * * *
The 27-headed Lernaean hydra bites you but does no damage. x4
The 27-headed Lernaean hydra bites you.
* * * LOW HITPOINT WARNING * * *
The 27-headed Lernaean hydra bites you.
* * * LOW HITPOINT WARNING * * *
The 27-headed Lernaean hydra bites you but does no damage. x2
The 27-headed Lernaean hydra bites you.
You die...

≈≈≈.....≈ ♣♣ ≈≈≈.≈..♣ ♣♣♣.≈♣
#### ##
≈≈≈≈≈%.♣♣♣.≈#####≈≈####≈## ##
.≈≈≈.≈≈≈♣.####%≈≈≈#≈≈#≈#≈#≈≈#
♣≈≈≈.....(..#§≈.≈≈≈#.≈.#≈≈.≈≈
≈.≈≈.≈......≈.≈...≈........≈≈
.≈.♣.≈♣♣...##..≈y%≈.≈#.≈≈≈.[≈
..†≈.♣♣♣.######DDy≈.#≈≈≈≈#
...♣§≈≈♣♣. ##@##{§{≈#.≈≈.≈
≈.≈≈.≈≈♣ ♣. #DDi○.†§≈≈#≈≈≈
.≈%♣.♣≈.♣ ♣♣ #≈≈○#k†≈≈≈.#.≈.#
...♣♣≈♣.# #≈≈#D≈D##≈#y#≈.#
%.♣.#.≈.≈≈ ##≈#%#y# ≈#≈.#.≈
..≈§≈.≈#≈♣ ≈≈#≈F.≈ §{ Dy.≈
..≈≈≈.≈≈ ≈≈§.≈≈...$.y.{.
.♣.....≈ ##≈≈##≈.≈.#≈≈§
.♣.≈≈.≈≈ ## ≈≈≈#≈.


You could see the 27-headed Lernaean hydra, an eight-headed hydra, a
seven-headed hydra, 2 five-headed hydras, a swamp dragon, a spriggan druid, a
blink frog, a swamp drake and 3 vampire mosquitoes.

Vanquished Creatures
  Saint Roka (Orc:2)
  Jorgrun (Swamp:1)
  Frances (D:12)
  Donald (Swamp:1)
  A thorn hunter (Swamp:3)
  The ghost of Qemahefa the Bludgeoner, an adept GrFi of Okawaru (Swamp:2)
  The ghost of Taxzav the Grappler, a journeyman TrHu of Cheibriados (Lair:3)
  Nessos (D:13)
  A minotaur (Gauntlet)
  The ghost of Irenicus the Earth Mage, a journeyman DDEE of Makhleb (Orc:1)
  Snorg (Lair:4)
  A fire dragon (D:14)
  An ettin (D:15)
  Erolcha (D:12)
  An ice dragon (D:15)
  10 hydras
  6 centaur warriors
  4 ghost crabs
  A catoblepas (D:15)
  3 vault guards (D:14)
  24 two-headed ogres
  2 tengu warriors (D:15)
  4 ogre magi (Orc:2)
  A dancing weapon (Lair:3)
  6 death yaks (Lair:6)
  11 alligators
  Urug (Lair:2)
  Sonja (Lair:6)
  Nergalle (D:11)
  2 unseen horrors
  3 spriggan druids
  5 swamp dragons
  An obsidian statue (Gauntlet)
  A deep elf archer (D:15)
  An orc knight (D:15)
  7 oklob plants
  13 ugly things
  A deep elf mage (D:14)
  2 orc sorcerers
  7 cyclopes
  19 elephants
  Joseph (D:8)
  4 manticores
  7 black mambas
  27 spiny frogs
  A gargoyle (D:11)
  2 orange demons (D:14)
  A kobold demonologist (D:12)
  6 rime drakes
  9 komodo dragons
  An efreet (D:13)
  A queen bee (D:8)
  9 trolls
  17 hornets
  10 tyrant leeches
  A harpy skeleton (D:15)
  11 bog bodies
  27 blink frogs
  11 hippogriffs
  7 dream sheep (Lair:6)
  11 slime creatures
  2 vampires
  Sigmund (D:3)
  A water elemental (D:15)
  62 yaks
  16 spriggans
  2 shadows
  5 wyverns
  2 wraiths
  2 basilisks
  43 vampire mosquitoes
  3 insubstantial wisps
  4 wargs
  Menkaure (D:6)
  4 nagas (Lair:4)
  A soldier ant (D:12)
  12 swamp worms
  6 water moccasins
  18 swamp drakes
  6 porcupines
  7 ice beasts
  38 orc warriors
  2 sky beasts
  A necrophage (D:10)
  A black bear (D:11)
  An eye of draining (D:12)
  2 phantoms
  31 ogres
  8 wolves
  18 centaurs
  7 crocodiles
  2 big kobolds (D:11)
  25 bullfrogs
  A gnoll sergeant (D:7)
  A wyvern zombie (D:12)
  A wyvern skeleton (D:15)
  A water moccasin skeleton (D:9)
  9 scorpions
  14 killer bees (D:8)
  6 electric eels
  2 howler monkeys
  8 jellies
  6 crimson imps
  2 quasits
  3 centaur zombies
  6 hounds
  Crazy Yiuf (D:7)
  3 centaur skeletons
  19 orc priests
  21 orc wizards
  A gnoll shaman (D:4)
  Jessica (D:2)
  10 worker ants
  Ijyb (D:4)
  Natasha (thrice) (D:2)
  8 iguanas
  3 hound skeletons
  2 worker ant zombies
  16 adders
  8 gnolls
  2 orc zombies (D:4)
  6 shadow imps
  An ooze (D:5)
  3 worms
  3 dart slugs
  7 leopard geckos
  80 orcs
  A ball python (D:1)
  9 bats
  A giant cockroach (D:3)
  13 goblins
  11 hobgoblins
  9 jackals
  3 quokkas
  2 ball python skeletons
  6 frilled lizards
  21 kobolds
  A leopard gecko zombie (D:5)
  6 rats
  3 briar patches (Swamp:4)
  3 fungi
  6 plants
1004 creatures vanquished.

Vanquished Creatures (others)
  A thorn hunter (Swamp:4)
  4 hydras (Swamp:4)
  A vault guard (D:14)
  A cyclops (D:10)
  A tyrant leech (Swamp:1)
  A blink frog (Swamp:4)
  A swamp worm (Swamp:4)
  A sky beast (D:11)
  3 centaurs (D:12)
  An orc (Orc:2)
  6 kobolds (Bailey)
  2 briar patches (Swamp:3)
  2 demonic plants (Gauntlet)
  16 fungi
  37 plants (Lair:6)
  4 withered plants (Lair:6)
82 creatures vanquished.

Grand Total: 1086 creatures vanquished

Notes
Turn   | Place    | Note
-------+----------+-------------------------------------------
     0 | D:1      | Anon1729 the Formicid Fighter began the quest for the Orb.
     0 | D:1      | Reached XP level 1. HP: 18/18 MP: 1/1
   138 | D:1      | Reached XP level 2. HP: 24/24 MP: 2/2
   418 | D:2      | Noticed Jessica
   427 | D:2      | Killed Jessica
   427 | D:2      | Reached skill level 4 in Shields
   427 | D:2      | Reached XP level 3. HP: 27/30 MP: 3/3
   499 | D:2      | Reached XP level 4. HP: 35/37 MP: 4/4
   511 | D:2      | Found a snail-covered altar of Cheibriados.
   628 | D:2      | Noticed Natasha
   651 | D:2      | Killed Natasha
   922 | D:2      | Found a blossoming altar of Fedhas.
   942 | D:2      | Reached XP level 5. HP: 40/42 MP: 5/5
  1067 | D:2      | Found a white marble altar of Elyvilon.
  1230 | D:2      | Found a stormy altar of Qazlal.
  1263 | D:2      | Noticed Natasha
  1275 | D:2      | Killed Natasha
  1388 | D:2      | Noticed Natasha
  1395 | D:2      | Killed Natasha
  1804 | D:3      | Reached XP level 6. HP: 47/49 MP: 6/6
  2188 | D:3      | Noticed Sigmund
  2203 | D:3      | Killed Sigmund
  2203 | D:3      | Reached skill level 5 in Shields
  2203 | D:3      | Reached XP level 7. HP: 31/55 MP: 7/7
  2351 | D:3      | Found an opulent altar of Gozag.
  2497 | D:4      | Reached skill level 5 in Fighting
  2497 | D:4      | Reached skill level 5 in Armour
  2668 | D:4      | Found an ornate altar of the Wu Jian Council.
  2681 | D:4      | Became a worshipper of the Wu Jian Council
  2834 | D:3      | Found a shimmering altar of Xom.
  2912 | D:4      | Reached skill level 6 in Shields
  3044 | D:4      | Found a transporter.
  3183 | D:4      | Reached XP level 8. HP: 48/63 MP: 8/8
  3268 | D:4      | Noticed Ijyb
  3283 | D:4      | Killed Ijyb
  3613 | D:4      | Found a transporter.
  4040 | D:5      | Entered Level 5 of the Dungeon
  4498 | D:6      | Found an ancient bone altar of Kikubaaqudgha.
  4499 | D:6      | Found a basalt altar of Yredelemnul.
  4500 | D:6      | Noticed Menkaure
  4605 | D:6      | HP: 3/64 [phantom (5)]
  4606 | D:6      | HP: 1/64 [phantom (2)]
  4941 | D:6      | Noticed a wraith
  4944 | D:6      | Found a transporter.
  4963 | D:6      | Found a transporter.
  5014 | D:6      | Reached * piety under Wu Jian
  5014 | D:6      | Reached skill level 5 in Maces & Flails
  5611 | D:6      | Reached skill level 7 in Shields
  5929 | D:7      | Reached XP level 9. HP: 68/71 MP: 9/9
  6171 | D:7      | Found Pemijol's Jewellery Emporium.
  6406 | D:7      | Found a runed translucent door.
  6407 | D:7      | Found the +7 great mace "Firestarter" {inner flame, rF++}
  6407 | D:7      | Noticed Crazy Yiuf
  6419 | D:7      | Killed Crazy Yiuf
  6419 | D:7      | Reached ** piety under Wu Jian
  6611 | D:7      | Found a staircase to the Ecumenical Temple.
  6885 | D:7      | Reached skill level 8 in Shields
  7112 | D:7      | Found a shadowy altar of Dithmenos.
  7702 | D:8      | Noticed Joseph
  7827 | D:8      | Found a radiant altar of Vehumet.
  7889 | D:8      | Killed Joseph
  8007 | D:8      | Found a sparkling altar of Nemelex Xobeh.
  8026 | D:8      | Found a runed translucent door.
  8026 | D:8      | Found a shimmering altar of Xom.
  8026 | D:8      | Noticed Madoushi's ghost (novice MiBe)
  8026 | D:8      | Noticed a +1 spear of chaos
  8033 | D:8      | Reached XP level 10. HP: 78/80 MP: 10/10
  8434 | D:8      | Reached skill level 9 in Shields
  9205 | D:9      | Found a staircase to the Lair.
  9236 | D:9      | Found a sparkling altar of Nemelex Xobeh.
  9288 | D:9      | Noticed Lavandula's ghost (novice TrWn)
  9291 | D:9      | Noticed a two-headed ogre
  9297 | D:9      | Killed a two-headed ogre
  9474 | D:9      | Found a transporter.
  9521 | D:9      | Found a transporter.
  9949 | D:10     | Entered Level 10 of the Dungeon
  9950 | D:10     | Found Terr's Distillery.
 10050 | D:10     | Found Rehistra's Magic Scroll Shop.
 10069 | D:10     | Reached *** piety under Wu Jian
 10095 | D:10     | Reached skill level 10 in Shields
 10182 | D:10     | Reached XP level 11. HP: 82/89 MP: 11/11
 10222 | D:10     | Found Vigyihodda's Distillery.
 10308 | D:10     | Noticed a cyclops
 10325 | D:10     | Banished a cyclops
 10556 | D:10     | Found Deuxke's Distillery.
 11249 | D:11     | Noticed a two-headed ogre
 11258 | D:11     | Killed a two-headed ogre
 11258 | D:11     | Reached skill level 10 in Fighting
 11376 | D:11     | Reached skill level 10 in Armour
 11407 | D:11     | Reached skill level 11 in Shields
 11657 | D:11     | Noticed Nergalle
 11697 | D:11     | Killed Nergalle
 11700 | D:11     | Reached **** piety under Wu Jian
 11987 | D:11     | Found Mitsoet's Food Shop.
 12091 | D:11     | Found Udukhit's General Store.
 12286 | D:12     | Noticed an unseen horror
 12303 | D:12     | Killed an unseen horror
 12308 | D:12     | Reached XP level 12. HP: 94/98 MP: 12/12
 12391 | D:12     | Noticed Frances
 12392 | D:12     | Found a staircase to the Orcish Mines.
 12406 | D:12     | Noticed a four-headed hydra
 13021 | D:6      | Killed Menkaure
 13037 | D:6      | Identified Orril's Collected Works on Harmful Air
 13203 | D:12     | Found Xoaghek's Weapon Shop.
 13837 | D:12     | Noticed Erolcha
 13975 | Lair:1   | Entered Level 1 of the Lair of Beasts
 14079 | Lair:1   | Reached skill level 10 in Maces & Flails
 14079 | Lair:1   | Reached skill level 12 in Shields
 14865 | Lair:2   | Reached XP level 13. HP: 56/106 MP: 13/13
 15415 | Lair:2   | Got a flickering tin ring
 15446 | Lair:2   | Identified the ring "Legiynec" {Dex+2 Stlth-} (You found it
                  | on level 2 of the Lair of Beasts)
 15606 | Lair:2   | Got an ancient leather armour
 15617 | Lair:2   | Identified the +0 leather armour of the Tick {+Inv} (You
                  | found it on level 2 of the Lair of Beasts)
 15675 | Lair:2   | Noticed Urug
 15687 | Lair:2   | Killed Urug
 16356 | Lair:3   | Reached skill level 13 in Shields
 16925 | Lair:3   | Found a burning altar of Makhleb.
 16954 | Lair:3   | Reached ***** piety under Wu Jian
 17124 | Lair:3   | Found a runed translucent door.
 17131 | Lair:3   | Noticed Taxzav's ghost (journeyman TrHu)
 17132 | Lair:3   | Found a shimmering altar of Xom.
 17595 | Lair:4   | Found a staircase to the Snake Pit.
 17683 | Lair:4   | Found a staircase to the Swamp.
 17684 | Lair:4   | Noticed Snorg
 17694 | Lair:4   | Killed Snorg
 17701 | Lair:4   | Got a faintly glowing mace
 17817 | Lair:4   | Found a gate leading to a gauntlet.
 17895 | Gauntlet | Entered a Gauntlet
 17895 | Gauntlet | Found a transporter.
 17903 | Gauntlet | Found a transporter.
 17906 | Gauntlet | Noticed a ghost crab
 17916 | Gauntlet | Found a transporter.
 17919 | Gauntlet | Found a transporter.
 17941 | Gauntlet | Found a transporter.
 17951 | Gauntlet | Found a transporter.
 17961 | Gauntlet | Found a large runed translucent door.
 17961 | Gauntlet | Found a large runed translucent door.
 17962 | Gauntlet | Found a large runed translucent door.
 17962 | Gauntlet | Found a large runed translucent door.
 17963 | Gauntlet | Found a large runed translucent door.
 17963 | Gauntlet | Found a large runed translucent door.
 17964 | Gauntlet | Found a runed translucent gate.
 17964 | Gauntlet | Found a runed translucent door.
 17965 | Gauntlet | Found a transporter.
 17965 | Gauntlet | Found a runed translucent gate.
 17966 | Gauntlet | Found a runed translucent gate.
 17966 | Gauntlet | Found a runed translucent door.
 17968 | Gauntlet | Found a large runed translucent door.
 17968 | Gauntlet | Found a large runed translucent door.
 17969 | Gauntlet | Found a large runed translucent door.
 17970 | Gauntlet | Found a large runed translucent door.
 17981 | Gauntlet | Found a large runed translucent door.
 17981 | Gauntlet | Found a large runed translucent door.
 17982 | Gauntlet | Found a large runed translucent door.
 17983 | Gauntlet | Found a large runed translucent door.
 17985 | Gauntlet | Found a transporter.
 17990 | Gauntlet | Found a transporter.
 17994 | Gauntlet | Found a large runed translucent door.
 17994 | Gauntlet | Found a large runed translucent door.
 17999 | Gauntlet | Found a transporter.
 18020 | Gauntlet | Noticed a death ooze
 18021 | Gauntlet | Found a transporter.
 18025 | Gauntlet | Found a transporter.
 18285 | Gauntlet | Killed a ghost crab
 18471 | Gauntlet | Got a translucent rapier
 18503 | Gauntlet | Reached XP level 14. HP: 107/116 MP: 14/14
 18505 | Gauntlet | Got an ichor-stained cloak
 18531 | Gauntlet | Identified the cursed -2 cloak of Daffodils {rF+ rN+ Str+2
                  | Dex+3} (You found it in a Gauntlet)
 18553 | Gauntlet | Noticed a ghost moth
 18590 | Gauntlet | Noticed a minotaur
 18612 | Gauntlet | Killed a minotaur
 19082 | Lair:4   | Identified the +1 robe of Complete Protection {rC+}
 19360 | Lair:4   | You fall through a shaft!
 19378 | Lair:5   | Reached skill level 14 in Shields
 19742 | Lair:5   | Identified the Guide on Lethal Arcane Weapons
 20901 | Lair:6   | Entered Level 6 of the Lair of Beasts
 21860 | Lair:6   | Reached ****** piety under Wu Jian
 21860 | Lair:6   | Reached XP level 15. HP: 75/125 MP: 15/15
 22217 | Lair:6   | Found a runed translucent gate.
 22217 | Lair:6   | Found a runed translucent gate.
 22217 | Lair:6   | Found a runed translucent gate.
 22217 | Lair:6   | Noticed poirepourri's ghost (journeyman SpEn)
 22218 | Lair:6   | Noticed feelmyfire's ghost (journeyman NaTm)
 22218 | Lair:6   | Noticed Kairos's ghost (journeyman DsFi)
 22233 | Lair:6   | Noticed Sonja
 22250 | Lair:6   | Killed Sonja
 22446 | Lair:6   | Reached skill level 15 in Shields
 22459 | Lair:6   | Identified the +10 rapier of the Thoughtful Dreams {chaos,
                  | Str+5} (You found it in a Gauntlet)
 23206 | Lair:6   | Found a staircase to the Slime Pits.
 23556 | Lair:6   | Got a heavily runed lead ring
 23559 | Lair:6   | Identified the ring "Ditucoj" {rPois MR+ EV+3} (You found
                  | it on level 6 of the Lair of Beasts)
 23752 | D:7      | Bought the ring "Kytyrchy" {*Contam rC+ Dex+9} for 543 gold
                  | pieces
 23754 | D:7      | Bought the amulet of Oqyettug {Reflect Str+5 SH+3} for 398
                  | gold pieces
 24978 | Lair:3   | Killed Taxzav's ghost
 25516 | D:12     | Killed Erolcha
 26070 | D:12     | Killed Frances
 26216 | D:13     | Found a flagged portal.
 26244 | Bailey   | Entered a bailey
 26355 | Bailey   | Identified the cursed +3 broad axe of Imbalance {drain,
                  | *Rage Dex+6}
 27058 | D:13     | Noticed Nessos
 27063 | D:13     | Killed Nessos
 27063 | D:13     | Reached XP level 16. HP: 129/134 MP: 16/16
 27446 | D:14     | Found a gate to the Vaults.
 27454 | D:14     | Reached skill level 16 in Shields
 27462 | D:14     | Reached skill level 15 in Fighting
 27624 | D:14     | Reached skill level 15 in Armour
 27774 | D:14     | Found Zityfill's Assorted Antiques.
 27779 | D:14     | Bought a grey potion for 30 gold pieces
 27779 | D:14     | Bought a scroll of identify for 68 gold pieces
 28373 | D:14     | Reached skill level 1 in Evocations
 28691 | D:15     | Entered Level 15 of the Dungeon
 29183 | D:15     | HP: 5/136 [cyclops/large rock (28)]
 29800 | D:15     | Identified the +9 short sword of the Tired Queens {pierce,
                  | rElec rC- Str+4}
 29996 | D:15     | Found a staircase to the Depths.
 30401 | Orc:1    | Entered Level 1 of the Orcish Mines
 30604 | Orc:2    | Entered Level 2 of the Orcish Mines
 30967 | Orc:1    | Found a roughly hewn altar of Beogh.
 31017 | Orc:1    | Found a transporter.
 31018 | Orc:1    | Noticed Irenicus's ghost (journeyman DDEE)
 31020 | Orc:1    | Found a transporter.
 31068 | Orc:1    | Reached XP level 17. HP: 129/142 MP: 19/19
 31074 | Orc:1    | Killed Irenicus's ghost
 31109 | Orc:1    | Got a slimy ivory amulet
 31156 | Orc:2    | Found a staircase to the Elven Halls.
 31566 | Orc:2    | Noticed Saint Roka
 31576 | Orc:2    | Reached skill level 17 in Shields
 32373 | Orc:2    | Reached skill level 5 in Evocations
 32376 | Orc:2    | Killed Saint Roka
 32794 | Orc:2    | Found Idycasm's Antique Weapon Boutique.
 32794 | Orc:2    | Found Geasell Icif's Distillery.
 32794 | Orc:2    | Found Qeruboy's General Store.
 32794 | Orc:2    | Found Guv Fatt's Food Shop.
 32987 | Orc:2    | Bought a potion of invisibility for 88 gold pieces
 33000 | Orc:2    | Bought a scroll of identify for 28 gold pieces
 33000 | Orc:2    | Identified the amulet "Budghu Cece" {RegenMP rF- rN+++
                  | Str+4 Dex+4} (You found it on level 1 of the Orcish Mines)
 33494 | Swamp:1  | Entered Level 1 of the Swamp
 33927 | Swamp:1  | Noticed Donald
 33934 | Swamp:1  | Noticed Jorgrun
 33938 | Swamp:1  | Killed Donald
 33950 | Swamp:1  | Killed Jorgrun
 34566 | Swamp:2  | Reached XP level 18. HP: 114/151 MP: 21/23
 34648 | Swamp:2  | Reached skill level 15 in Maces & Flails
 34998 | Swamp:2  | Found a runed translucent gate.
 34999 | Swamp:2  | Found a runed translucent gate.
 34999 | Swamp:2  | Noticed Qemahefa's ghost (adept GrFi)
 35000 | Swamp:2  | Found a runed translucent gate.
 35776 | Swamp:2  | Killed Qemahefa's ghost
 37007 | Swamp:4  | Entered Level 4 of the Swamp
 37111 | Swamp:4  | Reached skill level 18 in Shields
 37466 | Swamp:4  | Got a pitted mace
 37494 | Swamp:4  | Identified 2 scrolls of acquirement
 37550 | Swamp:4  | Noticed the 27-headed Lernaean hydra
 37560 | Swamp:4  | HP: 3/153 [seven-headed hydra (8)]
 37561 | Swamp:4  | Slain by the 27-headed Lernaean hydra

Skill      XL: |  1  2  3  4  5  6  7  8  9 10 11 12 13 14 15 16 17 18 |
---------------+-------------------------------------------------------+-----
Shields        | 4 5 6 7 8 10 11 12 13 14 15 16 17 18 | 18.1
Fighting       | 4 5 6 7 9 10 11 12 13 14 15 16 | 16.8
Armour         | 4 5 6 7 9 10 11 12 13 14 15 16 | 16.7
Maces & Flails | 3 4 5 6 8 9 10 11 12 13 14 15 | 15.4
Evocations     | 3 6 8 |  8.2

Action                   |  1- 3 |  4- 6 |  7- 9 | 10-12 | 13-15 | 16-18 || total
-------------------------+-------+-------+-------+-------+-------+-------++-------
Melee: Flail             |    67 |   204 |   520 |       |       |       ||   791
       Dire flail        |       |       |    20 |    37 |       |       ||    57
       Unarmed           |       |       |     2 |       |       |       ||     2
       Quarterstaff      |       |       |       |   516 |       |       ||   516
       Great mace        |       |       |       |    84 |   653 |   881 ||  1618
       Rapier            |       |       |       |       |       |     3 ||     3
Throw: Tomahawk          |       |       |       |     1 |       |       ||     1
       Javelin           |       |       |       |       |     2 |       ||     2
Invok: Lunge             |       |       |    25 |    34 |    43 |    78 ||   180
       Whirlwind         |       |       |     2 |   101 |   150 |   101 ||   354
       Serpent's Lash    |       |       |       |       |     1 |     5 ||     6
 Abil: Dig               |       |       |     4 |     7 |     8 |     3 ||    22
       Wall Jump         |       |       |       |     2 |     1 |     1 ||     4
       Evoke Flight      |       |       |       |       |     4 |       ||     4
Evoke: Wand              |       |       |    20 |     1 |     1 |     3 ||    25
       Sack of spiders   |       |       |       |       |       |     1 ||     1
  Use: Scroll            |       |       |     4 |     2 |    13 |    10 ||    29
       Potion            |       |       |       |     1 |     3 |     4 ||     8
 Stab: Sleeping          |       |       |       |     5 |     3 |     6 ||    14
       Petrified         |       |       |       |    12 |       |       ||    12
       Petrifying        |       |       |       |     2 |       |       ||     2
       Paralysed         |       |       |       |     2 |       |       ||     2
       Distracted        |       |       |       |     1 |     4 |     3 ||     8
       Confused          |       |       |       |     1 |       |     1 ||     2
  Eat: Chunk             |       |     5 |    19 |    17 |    27 |    30 ||    98
       Ration            |       |       |       |     2 |     4 |     2 ||     8
Armor: Scale mail        |    29 |    87 |   144 |       |       |       ||   260
       Plate armour      |       |       |     6 |    79 |       |       ||    85
       Shadow dragon sca |       |       |       |   198 |   181 |    97 ||   476
       Crystal plate arm |       |       |       |       |       |   271 ||   271
Dodge: Dodged            |    23 |    90 |   130 |   135 |   190 |   266 ||   834
       Deflected         |       |       |       |     4 |     5 |       ||     9
Block: Shield            |    33 |   107 |   222 |   357 |   420 |   797 ||  1936
       Reflection        |       |       |       |       |    53 |    36 ||    89
